 Dungeon Crawl Stone Soup version 0.26-a0-660-gc07710193c (webtiles) character file.

Game seed: 16038208685671692591

2207 jestyr24 the Destroyer (level 9, -10/71 HPs)
             Began as a Green Draconian Conjurer on Oct 7, 2020.
             Was a Follower of Vehumet.
             Mangled by an ogre
             ... wielding a +0 giant club
             ... summoned by an orange crystal statue
              (12 damage)
             ... on level 7 of the Dungeon.
             The game lasted 00:40:24 (7356 turns).

jestyr24 the Destroyer (Green Draconian Conjurer)   Turns: 7356, Time: 00:40:24

Health: -10/71     AC: 15    Str: 10      XL:     9   Next: 13%
Magic:  23/27      EV: 12    Int: 24 (25) God:    Vehumet [*.....]
Gold:   367        SH:  0    Dex: 10      Spells: 17/20 levels left

rFire    + . .     SeeInvis .   h - +6 trident "Wororiyse" {flame, Int+4 Stlth+}
rCold    x . .     Faith    +   (no shield)
rNeg     . . .     Spirit   .   (armour unavailable)
rPois    +         Reflect  .   D - +2 hat
rElec    .         Harm     .   p - +2 cloak
rCorr    .         Rampage  .   l - +2 pair of gloves
MR       .....                  (no boots)
Stlth    +++.......             q - amulet of faith
HPRegen  0.21/turn              f - ring of magical power
MPRegen  0.20/turn              j - ring of fire

@: no status effects
A: breathe noxious fumes, unfitting armour, poison resistance, cold-blooded, AC
+7
a: Breathe Noxious Fumes, Renounce Religion


You were on level 7 of the Dungeon.
You worshipped Vehumet.
Vehumet was aware of your devotion.
You visited 1 branch of the dungeon, and saw 7 of its levels.

You collected 367 gold pieces.

Inventory:

Hand Weapons
 h - the +6 trident "Wororiyse" (weapon) {flame, Int+4 Stlth+}
   (You found it on level 6 of the Dungeon)

   It has been specially enchanted to burn those struck by it, causing extra
   injury to most foes and up to half again as much damage against particularly
   susceptible opponents.
   It affects your intelligence (+4).
   It makes you more stealthy.
 k - a +2 spear of pain
 o - a +6 quarterstaff of chaos
 s - a +2 flail of protection
Missiles
 n - 8 poisoned darts (quivered)
 A - 7 curare-tipped darts
 B - 2 throwing nets
Armour
 l - a +2 pair of gloves (worn)
 p - a +2 cloak (worn)
 z - a cursed +0 kite shield
 D - a +2 hat (worn)
Jewellery
 f - a ring of magical power (left hand)
 j - a ring of fire (right hand)
 q - an amulet of faith (around neck)
 w - an uncursed ring of fire
Wands
 g - a wand of flame (5)
 r - a wand of iceblast (16)
 v - a wand of acid (15)
 y - a wand of digging (7)
 C - a wand of random effects (14)
Scrolls
 c - 3 scrolls of identify
 t - a scroll of enchant armour
 E - a scroll of magic mapping {unknown}
 F - a scroll of silence {unknown}
 G - a scroll of fear
Potions
 a - 2 potions of curing
 b - 3 potions of brilliance {unknown}
 d - 2 potions of magic {unknown}
 e - 5 potions of might {unknown}
 i - a potion of flight {unknown}
 m - 2 potions of stabbing {unknown}
 x - a potion of degeneration {unknown}


   Skills:
 * Level 4.0 Fighting
 + Level 0.9(1.2) Polearms
 - Level 1.0(1.2) Staves
 - Level 2.8 Dodging
 - Level 3.0 Stealth
 * Level 3.0 Shields
 * Level 6.2 Spellcasting
 * Level 8.2 Conjurations
 * Level 2.9 Evocations


You had 17 spell levels left.
You knew the following spells:

 Your Spells              Type           Power        Failure   Level
a - Magic Dart            Conj           ####         1%          1
b - Searing Ray           Conj           #####.       1%          2

Your spell library contained the following spells:

 Spells                   Type           Power        Failure   Level
 Sandblast                Erth           #.....       8%          1
 Dazzling Flash           Conj/Hex       ####..       4%          3
 Fulminant Prism          Conj/Hex       ####......   14%         4
 Iskenderun's Mystic Bla  Conj/Tloc      ####....     14%         4


Dungeon Overview and Level Annotations

Branches:
Dungeon (7/15)             Temple (0/1) D:6

Altars:
Dithmenos
Ru
Sif Muna
Uskayaw
Vehumet
Wu Jian
Yredelemnul
Zin

Shops:
D:5 =

Annotations:
D:7 1 runed translucent door, exclusion: 4 orange crystal statues


Innate Abilities, Weirdness & Mutations

You can breathe blasts of noxious fumes.
Your lurid green scales are hard. (AC +7)
You cannot fit into any form of body armour.
Your system is resistant to poisons. (rPois)
You are cold-blooded and may be slowed by cold attacks.


Message History

The centaur closely misses you. What are your orders? t - Shout!
Orders for allies: a - Attack new target. r - Retreat! s - Stop attacking. g - Guard the area. f - Follow me.
Anything else - Cancel.
You shout for attention!
The centaur closely misses you. The ogre closely misses you.
What are your orders? t - Shout!
Orders for allies: a - Attack new target. r - Retreat! s - Stop attacking. g - Guard the area. f - Follow me.
Anything else - Cancel.
You shout for attention!
The centaur barely misses you.
The centaur hits you but does no damage.
The ogre hits you with a +0 giant club!
You die...

#.# ####.###.####.......
#.#######.....# #.# ##....#.
#..........o..# #.####....#..
#..####o####..# #.##.........
#..#8.....8#..# #.##........[
#..#.#...#.#o[# #..#....##.#.
#..#.......#oo####......##.#.
#..#...[...#Oc##.......###.#.
#..#.......#@# #.............
#..#.#...#.#.# #......####.#.
# #8...?.8#.# #......# #.#.
####+####.# #......# #...
....###.....######..
#.......)..)))......
########..#######..# #..#
#.## ....# #.#


You could see an ogre (summoned), a centaur (summoned) and 4 orcs.

Vanquished Creatures
  An unseen horror (D:7)
  Duvessa (D:7)
  A phantom (D:6)
  2 ogres
  4 centaurs
  Blork the orc (D:6)
  A bullfrog (D:6)
  Dowan (D:7)
  3 scorpions (D:7)
  A bullfrog skeleton (D:5)
  A jelly (D:7)
  Crazy Yiuf (D:3)
  4 hounds
  3 orc wizards (D:4)
  An iguana (D:6)
  6 worker ants
  A hound skeleton (D:6)
  Robin (D:3)
  6 adders
  7 gnolls
  A white imp (D:6)
  2 ufetubi (D:5)
  An adder skeleton (D:4)
  An adder zombie (D:7)
  3 worms
  3 dart slugs
  2 leopard geckos
  7 orcs (D:4)
  A ball python (D:3)
  3 bats
  10 giant cockroaches
  13 goblins
  3 hobgoblins (D:3)
  9 jackals
  3 quokkas
  5 frilled lizards
  9 kobolds
  4 rats
127 creatures vanquished.

Vanquished Creatures (others)
  5 toadstools (D:1)
5 creatures vanquished.

Grand Total: 132 creatures vanquished

Notes
Turn   | Place    | Note
-------+----------+-------------------------------------------
     0 | D:1      | jestyr24 the Draconian Conjurer began the quest for the
                  | Orb.
     0 | D:1      | Reached XP level 1. HP: 14/14 MP: 3/3
   378 | D:1      | Reached XP level 2. HP: 20/20 MP: 3/5
  1104 | D:2      | Found an ornate altar of the Wu Jian Council.
  1104 | D:2      | Found a hide-covered altar of Uskayaw.
  1234 | D:2      | Reached XP level 3. HP: 26/26 MP: 6/6
  1334 | D:2      | Learned a level 2 spell: Searing Ray
  1379 | D:2      | Found a shadowy altar of Dithmenos.
  1548 | D:2      | You fall into a shaft and drop 2 floors!
  1557 | D:4      | Reached skill level 5 in Conjurations
  1567 | D:4      | Reached XP level 4. HP: 32/34 MP: 7/7
  1970 | D:3      | Found a runed translucent door.
  1971 | D:3      | Noticed Crazy Yiuf
  1984 | D:3      | Killed Crazy Yiuf
  2270 | D:3      | Reached XP level 5. HP: 39/39 MP: 9/9
  2564 | D:3      | Noticed Robin
  2581 | D:3      | Killed Robin
  3088 | D:4      | Reached skill level 1 in Fighting
  3088 | D:4      | Reached skill level 1 in Staves
  3182 | D:4      | Reached XP level 6. HP: 47/47 MP: 10/10
  3192 | D:4      | Reached skill level 6 in Conjurations
  3968 | D:5      | Entered Level 5 of the Dungeon
  3979 | D:5      | Found a radiant altar of Vehumet.
  3984 | D:5      | Became a worshipper of Vehumet
  4017 | D:5      | Your scales start taking on a lurid green colour.
  4017 | D:5      | Reached XP level 7. HP: 48/53 MP: 12/12
  4017 | D:5      | Gained mutation: Your system is resistant to poisons.
                  | (rPois) [Green Draconian growth]
  4203 | D:5      | Found Suipople's Jewellery Boutique.
  4312 | D:5      | Found a glowing silver altar of Zin.
  4321 | D:5      | Reached skill level 1 in Shields
  4571 | D:5      | Found a sacrificial altar of Ru.
  4581 | D:5      | Found a basalt altar of Yredelemnul.
  4584 | D:5      | Found a shimmering blue altar of Sif Muna.
  4866 | D:6      | Reached skill level 1 in Evocations
  5200 | D:6      | Reached XP level 8. HP: 62/62 MP: 15/15
  5340 | D:6      | Got a smouldering trident
  5341 | D:6      | Identified the +6 trident "Wororiyse" {flame, Int+4 Stlth+}
                  | (You found it on level 6 of the Dungeon)
  5477 | D:6      | Found a staircase to the Ecumenical Temple.
  5504 | D:6      | Noticed Blork the orc
  5510 | D:6      | Killed Blork the orc
  5510 | D:6      | Reached skill level 7 in Conjurations
  5716 | D:6      | Reached skill level 5 in Spellcasting
  6480 | D:7      | Noticed Duvessa
  6480 | D:7      | Noticed Dowan
  6488 | D:7      | Killed Dowan
  6490 | D:7      | Killed Duvessa
  6667 | D:7      | Killed an unseen horror
  6667 | D:7      | Reached skill level 8 in Conjurations
  6667 | D:7      | Reached XP level 9. HP: 21/71 MP: 18/18
  6999 | D:7      | Reached * piety under Vehumet
  6999 | D:7      | Offered knowledge of Sandblast by Vehumet.
  7301 | D:7      | Found a runed translucent door.
  7308 | D:7      | Found the +10 tower shield of Ignorance {rN+ Int-4}
  7312 | D:7      | Noticed an orange crystal statue
  7312 | D:7      | Noticed an orange crystal statue
  7312 | D:7      | Noticed an orange crystal statue
  7312 | D:7      | Noticed an orange crystal statue
  7318 | D:7      | Found a runed translucent door.
  7354 | D:7      | HP: 2/71 [ogre/+0 giant club[an orange crystal statue]
                  | (13)]
  7356 | D:7      | Mangled by an ogre

Illustrated notes

Levels and vault maps discovered:
D:1:      ldierk_walled_garden, layout_basic, corexii_leaking_fountain
D:2:      layout_loops_ring, grunt_dithmenos_smoke_and_mirrors,
          lemuel_crystal_altar, lemuel_round_altar, cheibriados_altar_1,
          makhleb_heckhound_becter, chequers_temple_overflow_statue_of_worship,
          grunt_decor_arrowhead, minmay_worlds_worst_comb
D:3:      layout_loops_ring, uniq_robin, uniq_crazy_yiuf_cottage
D:4:      layout_basic
D:5:      layout_basic, vehumet_altar_wand_db, nicolae_overflow_hidden_temple,
          minitemple, serial_shops, shop_fountains, basic_altar
D:6:      layout_basic, minmay_temple_entry_overgrown, corexii_corridor_pit,
          serial_park_tiny_2, uniq_blork_the_orc
D:7:      layout_rooms, chequers_guarded_unrand_ignorance, uniq_duvessa

Skill      XL: |  1  2  3  4  5  6  7  8 |
---------------+-------------------------+-----
Dodging        | 2 |  2.8
Stealth        | 2 3 |  3.0
Conjurations   | 5 6 8 |  8.2
Spellcasting   | 3 4 6 |  6.2
Fighting       | 1 2 4 |  4.0
Staves         | 1 |  1.0
Shields        | 1 3 |  3.0
Evocations     | 1 2 |  2.9
Polearms       | |  0.9

Action                   |  1- 3 |  4- 6 |  7- 9 || total
-------------------------+-------+-------+-------++-------
Melee: Unarmed           |     5 |       |       ||     5
       Short sword       |     6 |     1 |       ||     7
       Quarterstaff      |       |    40 |     1 ||    41
       Tailslap          |       |     1 |     2 ||     3
       Trident           |       |       |    22 ||    22
 Cast: Magic Dart        |    46 |    52 |    54 ||   152
       Searing Ray       |     6 |    26 |    28 ||    60
 Abil: Breathe Noxious F |       |       |     1 ||     1
  Use: Scroll            |       |    11 |     4 ||    15
       Potion            |       |       |     1 ||     1
 Stab: Sleeping          |       |     1 |     4 ||     5
Armor: Skin              |     3 |    27 |    55 ||    85
Dodge: Dodged            |    12 |    50 |    46 ||   108

Table legend: (Time is in decaauts)
 A = Elapsed time spent in this place.
 B = Non-inter-level travel time spent in this place.
 C = Inter-level travel time spent in this place.
 D = Time resting spent in this place.
 E = Time spent auto-exploring this place.
 F = Levels seen in this place.
 G = Mean time per level.
                   A        B        C        D        E       F      G
               +--------+--------+--------+--------+--------+-----+--------+
         Total |   7377 |   7173 |    204 |   2033 |   3699 |   7 | 1053.9 |
       Dungeon |   7377 |   7173 |    204 |   2033 |   3699 |   7 | 1053.9 |
               +--------+--------+--------+--------+--------+-----+--------+

Top non-repeatable levels by time:
     D:6: 1541 daAuts
     D:3: 1397 daAuts
     D:4: 1035 daAuts
     D:7: 980 daAuts
     D:1: 977 daAuts
     D:5: 873 daAuts
     D:2: 571 daAuts
